 Dungeon Crawl Stone Soup version 0.26.0-15-gc6cd9f700b (webtiles) character file.

Game seed: 5064167960612576710

30209 lastplaneout the Fighter (level 13, -1/125 HPs)
             Began as a Minotaur Fighter on Jan 15, 2021.
             Was the Champion of Okawaru.
             Slain by a death yak (6 damage)
             ... on level 5 of the Lair of Beasts on Jan 16, 2021.
             The game lasted 00:41:05 (17366 turns).

lastplaneout the Fighter (Minotaur Fighter)        Turns: 17366, Time: 00:41:05

Health: -1/125     AC: 15    Str: 27    XL:     13   Next: 19%
Magic:  0/12       EV:  9    Int:  5    God:    Okawaru [******]
Gold:   1027       SH:  0    Dex: 14    Spells: 12/12 levels left

rFire    . . .     SeeInvis .   P - +9 staff of Olgreb {rPois∞}
rCold    + . .     Faith    .   (no shield)
rNeg     + . .     Spirit   +   U - +0 chain mail "Xiawyus" {Dex+5}
rPois    ∞         Reflect  .   D - +1 hat {Will+}
rElec    .         Harm     .   (no cloak)
rCorr    .         Rampage  +   (no gloves)
Will     +....                  O - +1 pair of boots of Immorality {Rampage}
Stlth    ..........             i - amulet of guardian spirit
HPRegen  0.30/turn              j - ring of positive energy
MPRegen  0.13/turn              q - ring of protection from cold

@: about to teleport
A: retaliatory headbutt, horns 2
a: Renounce Religion, Heroism, Finesse


You were on level 5 of the Lair of Beasts.
You worshipped Okawaru.
Okawaru was exalted by your worship.
You visited 3 branches of the dungeon, and saw 16 of its levels.

You collected 1027 gold pieces.

Inventory:

Hand Weapons
 z - a cursed +3 flail
 A - a +4 battleaxe of freezing
 I - a cursed +1 morningstar of protection
 K - a +1 morningstar of flaming
 N - a +2 vorpal flail
 P - the +9 staff of Olgreb (weapon) {rPois∞}
   (You acquired it on level 2 of the Lair of Beasts)

   It grants immunity to poison.
Armour
 c - a +0 kite shield
 D - a +1 hat of willpower (worn)
 L - +1 swamp dragon scales
 O - the +1 pair of boots of Immorality (worn) {Rampage}
   (Okawaru gifted it to you on level 1 of the Lair of Beasts)

   It bestows one free step when moving towards enemies.
 T - a +1 ring mail of fire resistance
 U - the +0 chain mail "Xiawyus" (worn) {Dex+5}
   (You found it on level 3 of the Lair of Beasts)

   It affects your dexterity (+5).
Jewellery
 i - an amulet of guardian spirit (around neck)
 j - a ring of positive energy (left hand)
 k - an uncursed ring of poison resistance
 m - an uncursed ring of flight
 q - a ring of protection from cold (right hand)
 y - an uncursed ring of ice
 C - an uncursed ring of teleportation
Wands
 b - a wand of flame (31)
 p - a wand of iceblast (11)
 t - a wand of polymorph (7)
 G - a wand of acid (32)
 J - a wand of paralysis (16)
 V - a wand of enslavement (18)
Scrolls
 e - 6 scrolls of magic mapping
 o - 3 scrolls of identify
 r - 2 scrolls of fog
 v - 6 scrolls of teleportation
 w - 3 scrolls of remove curse
 B - a scroll of enchant weapon
 M - a scroll of enchant armour
Potions
 a - a potion of cancellation
 d - 8 potions of might
 f - 2 potions of flight
 g - a potion of brilliance {unknown}
 l - 4 potions of attraction
 n - a potion of resistance {unknown}
 s - 2 potions of ambrosia
 u - a potion of curing
 x - 2 potions of mutation
 F - 3 potions of lignification
 H - a potion of haste {unknown}
 Q - a potion of magic {unknown}


   Skills:
 - Level 14.4 Fighting
 - Level 12.0(13.2) Axes
 - Level 9.5(13.8) Maces & Flails
 + Level 11.9(13.1) Staves
 - Level 12.1 Armour
 + Level 0.6 Dodging
 - Level 4.3 Shields
 + Level 0.1 Hexes


You had 12 spell levels left.
You didn't know any spells.
Your spell library contained the following spells:

 Spells                   Type           Power        Failure   Level
 Corona                   Hex            0%           91%         1
 Shock                    Conj/Air       0%           91%         1
 Ensorcelled Hibernation  Hex/Ice        0%           97%         2
 Swiftness                Air            0%           97%         2
 Confusing Touch          Hex            0%           99%         3
 Tukima's Dance           Hex            0%           99%         3
 Dazzling Flash           Conj/Hex       0%           100%        3
 Static Discharge         Conj/Air       0%           100%        3
 Airstrike                Air            0%           100%        4
 Cause Fear               Hex            0%           100%        4
 Lightning Bolt           Conj/Air       0%           100%        5
 Silence                  Hex/Air        0%           100%        5
 Yara's Violent Unravell  Hex/Tmut       0%           100%        5
 Discord                  Hex            0%           100%        8


Dungeon Overview and Level Annotations

Branches:
Dungeon (10/15)            Temple (0/1) D:5            Lair (4/6) D:10
 Spider (1/4) Lair:2
  Swamp: Lair:2-4    Shoals: Lair:2-4       Orc: D:9-12

Altars:
Ashenzari
Dithmenos
Gozag
Kikubaaqudgha
Nemelex Xobeh
Okawaru
Qazlal
Yredelemnul
The Shining One

Annotations:
D:6 3 runed translucent doors, Myro's ghost, amateur HOFi


Innate Abilities, Weirdness & Mutations

You reflexively headbutt those who attack you in melee.
You have a pair of horns on your head.


Message History

The rime drake bites you but does no damage.
The death yak gores you!
* * * LOW HITPOINT WARNING * * *
You feel better. The rime drake barely misses you. The death yak gores you.
* * * LOW HITPOINT WARNING * * *
You barely miss the death yak.
The death yak is moderately wounded.
You barely miss the death yak. You headbutt the death yak.
The death yak is moderately wounded.
The death yak barely misses you. You furiously retaliate!
You headbutt the death yak, but do no damage.
You completely miss the death yak.
You headbutt the death yak, but do no damage.
The death yak is moderately wounded.
The death yak gores you but does no damage.
You hit the death yak.
You headbutt the death yak, but do no damage.
The death yak is moderately wounded.
The death yak gores you.
You die...

...... .. .......... ..
.......... .. .........
..#####....#..
##.P.##....##.####
.....#.Y..(.##.#@# .
............#.kY#YY..#
...†..P..........Y....#
...........♣.#........#
♣♣♣♣P.♣.♣♣♣♣##.#P.....#
♣♣♣♣♣♣ ####....P#
#...## ....# ....#


You could see 4 death yaks and a rime drake.

Vanquished Creatures
  Josephine (D:10)
  2 hydras (Lair:1)
  Fannar (D:10)
  2 two-headed ogres
  7 death yaks
  Joseph (D:8)
  A gargoyle (D:10)
  6 cane toads
  Maggie (D:8)
  10 komodo dragons
  4 rime drakes
  A troll (D:10)
  7 blink frogs
  4 wraiths (D:10)
  6 wyverns
  19 yaks
  7 basilisks
  5 steam dragons (Lair:2)
  13 water moccasins
  2 acid dragons
  4 orc warriors
  2 ice beasts
  2 sky beasts (D:7)
  2 black bears
  4 phantoms
  4 necrophages
  9 wolves
  3 centaurs
  4 ogres
  A big kobold (D:9)
  13 bullfrogs
  A wyvern skeleton (D:6)
  4 scorpions
  8 killer bees
  A vampire bat (D:9)
  11 wights
  2 howler monkeys (D:10)
  A bullfrog zombie (D:9)
  5 centaur skeletons
  5 hounds
  2 bullfrog skeletons
  11 orc priests
  A jelly (D:6)
  Ijyb (D:4)
  4 orc wizards
  5 worker ants
  2 mummies (D:7)
  A worker ant zombie (D:7)
  10 gnolls
  2 howler monkey skeletons (D:6)
  9 adders
  A shadow imp (D:5)
  5 white imps
  4 ufetubi
  An ooze (D:7)
  2 adder zombies
  2 adder skeletons (D:9)
  2 worms
  A dart slug (D:1)
  6 leopard geckos
  33 orcs
  9 bats
  A bat skeleton (D:9)
  6 bat zombies (D:9)
  5 giant cockroaches
  11 goblins
  14 hobgoblins
  6 quokkas
  5 frilled lizards
  12 kobolds
  A quokka skeleton (D:4)
  6 rats
367 creatures vanquished.

Vanquished Creatures (others)
  A rime drake (Lair:2)
  An orc (D:8)
  4 fungi
  23 plants
  3 withered plants (D:7)
32 creatures vanquished.

Grand Total: 399 creatures vanquished

Notes
Turn   | Place    | Note
-------+----------+-------------------------------------------
     0 | D:1      | lastplaneout the Minotaur Fighter began the quest for the
                  | Orb.
     0 | D:1      | Reached XP level 1. HP: 19/19 MP: 0/0
   440 | D:1      | Reached XP level 2. HP: 24/26 MP: 1/1
   747 | D:2      | Found a broken altar of Ashenzari.
   755 | D:2      | Reached XP level 3. HP: 27/31 MP: 2/2
  1127 | D:2      | Reached skill level 5 in Axes
  1474 | D:2      | Reached XP level 4. HP: 39/39 MP: 3/3
  1811 | D:3      | Found a glowing golden altar of the Shining One.
  2455 | D:4      | Reached XP level 5. HP: 45/45 MP: 4/4
  2478 | D:4      | Upgraded the game from 0.26.0-11-g8f856b5395 to
                  | 0.26.0-15-gc6cd9f700b
  2880 | D:4      | Noticed Ijyb
  2895 | D:4      | Killed Ijyb
  2971 | D:5      | Entered Level 5 of the Dungeon
  2972 | D:5      | Found an iron altar of Okawaru.
  2988 | D:5      | Became a worshipper of Warmaster Okawaru
  3028 | D:5      | Reached XP level 6. HP: 32/51 MP: 2/5
  3147 | D:5      | Found a shadowy altar of Dithmenos.
  3626 | D:5      | Found a basalt altar of Yredelemnul.
  3998 | D:5      | Reached * piety under Okawaru
  4001 | D:5      | Reached XP level 7. HP: 35/57 MP: 2/6
  4024 | D:5      | Found a staircase to the Ecumenical Temple.
  4493 | D:5      | Reached skill level 10 in Axes
  4790 | D:6      | Reached XP level 8. HP: 64/64 MP: 7/7
  4827 | D:6      | Found a runed translucent gate.
  4827 | D:6      | Found a runed translucent gate.
  4828 | D:6      | Found a runed translucent gate.
  4834 | D:6      | Noticed Myro's ghost (amateur HOFi)
  4853 | D:6      | Reached ** piety under Okawaru
  5304 | D:6      | Found a stormy altar of Qazlal.
  5537 | D:7      | Reached skill level 4 in Fighting
  5707 | D:7      | Reached skill level 5 in Armour
  6085 | D:7      | Reached skill level 5 in Fighting
  6366 | D:7      | Reached *** piety under Okawaru
  6379 | D:7      | Reached XP level 9. HP: 68/75 MP: 8/8
  6508 | D:7      | Reached skill level 6 in Fighting
  6831 | D:7      | Reached skill level 7 in Fighting
  7049 | D:8      | Noticed Maggie
  7069 | D:8      | Killed Maggie
  7069 | D:8      | Reached **** piety under Okawaru
  7070 | D:8      | Reached skill level 8 in Fighting
  7333 | D:8      | Noticed a two-headed ogre
  7342 | D:8      | Killed a two-headed ogre
  7343 | D:8      | Reached skill level 9 in Fighting
  7343 | D:8      | Reached XP level 10. HP: 77/91 MP: 9/9
  7412 | D:8      | Found an opulent altar of Gozag.
  7412 | D:8      | Found a sparkling altar of Nemelex Xobeh.
  7439 | D:8      | Noticed Joseph
  7449 | D:8      | Killed Joseph
  7478 | D:8      | Reached skill level 10 in Armour
  8073 | D:8      | Reached skill level 10 in Fighting
  8253 | D:9      | Found a stormy altar of Qazlal.
  8306 | D:9      | Found an ancient bone altar of Kikubaaqudgha.
  8396 | D:9      | Reached ***** piety under Okawaru
  8482 | D:9      | Reached skill level 11 in Fighting
  8830 | D:9      | Received a gift from Okawaru
  9759 | D:10     | Entered Level 10 of the Dungeon
  9763 | D:10     | Noticed a two-headed ogre
  9767 | D:10     | Reached skill level 12 in Fighting
  9774 | D:10     | Killed a two-headed ogre
  9775 | D:10     | Reached XP level 11. HP: 72/105 MP: 6/10
 10102 | D:10     | Noticed Fannar
 10121 | D:10     | Noticed Josephine
 10124 | D:10     | Killed Fannar
 10125 | D:10     | Reached skill level 13 in Fighting
 10135 | D:10     | Killed Josephine
 10773 | D:10     | Reached skill level 14 in Fighting
 11492 | D:10     | Found a staircase to the Lair.
 11528 | Lair:1   | Entered Level 1 of the Lair of Beasts
 11537 | Lair:1   | Received a gift from Okawaru
 11540 | Lair:1   | Got a pair of dazzling boots {god gift}
 11546 | Lair:1   | Identified the +1 pair of boots of Immorality {Rampage}
                  | (Okawaru gifted it to you on level 1 of the Lair of Beasts)
 11682 | Lair:1   | Noticed a six-headed hydra
 11693 | Lair:1   | Killed a six-headed hydra
 11697 | Lair:1   | Reached skill level 5 in Maces & Flails
 11709 | Lair:1   | Noticed an eight-headed hydra
 12031 | Lair:1   | Killed an eight-headed hydra
 12206 | Lair:1   | Reached XP level 12. HP: 57/118 MP: 7/11
 13612 | Lair:2   | Identified a scroll of acquirement
 13612 | Lair:2   | Acquired the +9 staff of Olgreb {rPois∞}
 13613 | Lair:2   | Found the +9 staff of Olgreb {rPois∞}
 13708 | Lair:2   | Reached skill level 1 in Staves
 13808 | Lair:2   | Found a hole to the Spider Nest.
 13829 | Spider:1 | Entered Level 1 of the Spider Nest
 13911 | Lair:2   | Reached ****** piety under Okawaru
 13911 | Lair:2   | Received a gift from Okawaru
 14480 | Lair:2   | Reached skill level 5 in Staves
 14483 | Lair:2   | Received a gift from Okawaru
 14949 | Lair:3   | Got a faintly glowing chain mail
 14960 | Lair:3   | Identified the +0 chain mail "Xiawyus" {Dex+5} (You found
                  | it on level 3 of the Lair of Beasts)
 16523 | Lair:4   | Reached skill level 10 in Staves
 16549 | Lair:4   | Noticed a death yak
 16549 | Lair:4   | Noticed a death yak
 16549 | Lair:4   | Noticed a death yak
 16550 | Lair:4   | Noticed a death yak
 16551 | Lair:4   | Noticed a death yak
 16580 | Lair:3   | Killed a death yak
 16600 | Lair:3   | Killed a death yak
 16601 | Lair:3   | Reached XP level 13. HP: 77/125 MP: 8/12
 17291 | Lair:4   | You fall into a shaft and drop 1 floor!
 17361 | Lair:5   | HP: 1/125 [death yak (7)]
 17366 | Lair:5   | Slain by a death yak

Illustrated notes

Levels and vault maps discovered:
D:1:      wander_arrival_peaceful_grave, layout_loops_cross
D:2:      layout_loops_ring, evilmike_ruin_ashenzari
D:3:      layout_basic, lemuel_round_altar, serial_corexii_hall,
          chequers_hall_statues_y, corexii_hall_statues_l
D:4:      cheibrodos_greedy_goblins, layout_cave_pools, uniq_ijyb
D:5:      layout_basic, overflow_temple_1_default, old_standard_altar,
          minmay_temple_entry_drinking_statues,
          grunt_dithmenos_smoke_and_mirrors
D:6:      layout_cave_pools, portal_sewer_entry_d, gammafunk_ghost_icy,
          nicolae_qazlal_general_emergency
D:7:      layout_loops_ring, serial_undead, serial_undead_e, serial_undead_f,
          serial_undead_c, serial_undead_c, serial_undead_d, serial_undead_a,
          nrook_mini_backslash
D:8:      layout_rooms, grunt_temple_overflow_opulence, uniq_maggie, uniq_joseph
D:9:      layout_layer_cave, general_overflow_altar, kennysheep_vampire_church
D:10:     layout_big_octagon, erik_lair_dragon, serial_bayou_ford_a,
          uniq_fannar, uniq_josephine
Lair:1:   layout_regular_city, grunt_megastairs_5
Lair:2:   layout_long_grid, spider_nest_entry_webs, bobbens_dragon_lair_wall
Lair:3:   layout_small_grid, grunt_megastairs_1, lemuel_fruit_fields,
          serial_bayou_shore_b, serial_bayou_shore_b
Lair:4:   layout_misc_corridors, minmay_shoals_entry_centaurs
Lair:5:   layout_regular_city, slime_altar_1, bh_autumn_forest_stairs
Spider:1: layout_spider_delve

Skill      XL: |  1  2  3  4  5  6  7  8  9 10 11 12 13 |
---------------+----------------------------------------+-----
Axes           | 3 4 5 6 7 9 11 12 | 12.0
Armour         | 6 9 11 12 | 12.1
Fighting       | 5 9 12 14 | 14.4
Shields        | 4 |  4.3
Maces & Flails | 6 9 |  9.5
Staves         | 10 11 | 11.9
Dodging        | |  0.6
Hexes          | |  0.1

Action                   |  1- 3 |  4- 6 |  7- 9 | 10-12 | 13-15 || total
-------------------------+-------+-------+-------+-------+-------++-------
Melee: War axe           |    91 |   123 |    53 |       |       ||   267
       Headbutt          |    11 |    23 |    27 |   123 |    43 ||   227
       Battleaxe         |       |       |   135 |   235 |       ||   370
       Morningstar       |       |       |       |   114 |       ||   114
       Staff             |       |       |       |   238 |   104 ||   342
       Punch             |       |       |       |       |     1 ||     1
Invok: Heroism           |       |       |       |     2 |     1 ||     3
  Use: Scroll            |     2 |     2 |     8 |    15 |     1 ||    28
       Potion            |       |       |       |     7 |     4 ||    11
Armor: Scale mail        |    41 |    36 |    80 |       |       ||   157
       Swamp dragon scal |       |       |     3 |   268 |       ||   271
       Chain mail        |       |       |       |    64 |    23 ||    87
Dodge: Dodged            |    29 |    33 |    75 |   313 |    25 ||   475
Block: Kite shield       |    50 |    61 |    22 |    65 |       ||   198
